Cogmind - Beta 16 @@@ ROGUE MODE // 2025.12.04 @ 17:47:26 Player: shapeshifter Result: Destroyed by AD-0RF with AD-0RF's Magmablaster Performance ------------- Evolutions (1) 500 Regions Visited (6) 1200 Robots Destroyed (60) 300 Value Destroyed (1532) 1532 Prototype IDs (23) 460 Alien Tech Used (0) 0 Bonus (224) 224 TOTAL SCORE: 4216 Bonus ------- Follower Combat Kills 25 Aligned with FarCom 300 Friendly Fire -101 Cogmind --------- Core Integrity 0/400 Matter 45/300 Energy 195/310 System Corruption 0% Temperature Critical (978) Movement Core (1400) Ox27 Location -8/Mines Parts ------- > --- POWER (1) -------- Reinforced Fission Core > --- PROPULSION (3) --- Improved Treads > --- UTILITY (3) ------ High-capacity Storage Unit Hardened Medium Armor Plating Hardened Medium Armor Plating > --- WEAPON (2) ------- Minigun Minigun > --- INVENTORY (20) --- Advanced Myomer Leg Cooling System Large Matter Pod (31) Large Matter Pod (0) Improved Utility Shielding Hardened Medium Armor Plating Hardened Medium Armor Plating Improved Trap Extractor (0/6) Minigun Minigun Minigun Minigun Shock Bomb Launcher Shock Bomb Launcher Peak State ------------ > --- POWER ------------ Light Angular Momentum Engine > --- PROPULSION ------- Light Treads Improved Treads Armored Treads > --- UTILITY ---------- High-capacity Storage Unit Hardened Medium Armor Plating Hacking Suite > --- WEAPON ----------- Minigun Minigun > --- INVENTORY -------- Improved Treads Cooling System 0b10 Alert Chip Improved Utility Shielding Hardened Medium Armor Plating Hardened Medium Armor Plating Hardened Medium Armor Plating Hardened Medium Armor Plating Improved Trap Extractor Supersonic Drone Bay Minigun Minigun Minigun Minigun Minigun Minigun Shock Bomb Launcher Shock Bomb Launcher [Rating: 30] Favorites ----------- Power Ion Engine Engine Ion Engine Power Core Reinforced Fission Core Propulsion Light Treads Treads Light Treads Utility High-capacity Storage Unit Device Seismic Detector Storage High-capacity Storage Unit Hackware Hacking Suite Protection Hardened Medium Armor Plating Weapon Minigun Ballistic Gun Minigun Ballistic Cannon Improved Light Cannon Launcher Grenade Launcher Build | -11 -10 -10 -9 -9 -9 -8 ------- Run | Yrd Mat Min Mat Min Exi Min Slots Evolved 2 | . . . 2 . . . Power . | . . . . . . . Propulsion 1 | . . . 1 . . . Utility 1 | . . . 1 . . . Weapon . | . . . . . . . Parts Attached 44 | 6 9 1 13 2 4 9 Power 4 | 1 1 . . . 1 1 Engine 3 | 1 1 . . . 1 . Core 1 | . . . . . . 1 Reactor . | . . . . . . . Propulsion 11 | 2 1 1 6 1 . . Treads 11 | 2 1 1 6 1 . . Leg . | . . . . . . . Wheel . | . . . . . . . Hover . | . . . . . . . Flight . | . . . . . . . Utility 14 | 1 3 . 4 1 1 4 Device 3 | . 1 . 1 . . 1 Storage 3 | 1 1 . 1 . . . Processor . | . . . . . . . Hackware 1 | . . . 1 . . . Protection 7 | . 1 . 1 1 1 3 Artifact . | . . . . . . . Weapon 15 | 2 4 . 3 . 2 4 Energy Gun . | . . . . . . . Energy Cannon . | . . . . . . . Ballistic Gun 10 | 2 . . 2 . 2 4 Ballistic Cannon 4 | . 3 . 1 . . . Launcher 1 | . 1 . . . . . Special Weapon . | . . . . . . . Impact Weapon . | . . . . . . . Slashing Weapon . | . . . . . . . Piercing Weapon . | . . . . . . . Special Melee Weapon . | . . . . . . . Unidentified Prototypes . | . . . . . . . Parts Lost 9 | . 1 . . . 5 3 Power 1 | . . . . . . 1 Propulsion 4 | . 1 . . . 2 1 Utility 2 | . . . . . 1 1 Weapon 2 | . . . . . 2 . Highest Loss Streak 4 | . 1 . . . 4 2 To Critical Strikes 4 | . . . . . 4 . Average Backups 14 | 2 7 10 19 19 18 16 Power . | . . 1 1 1 . . Propulsion 1 | 1 2 3 1 1 . 1 Utility 6 | . 1 3 9 9 9 9 Weapon 5 | . 2 2 8 8 7 6 Tool/Special . | . . . . . . . Unused Backups 25 | . 2 . 12 . 3 8 Power 1 | . . . 1 . . . Propulsion 3 | . . . 3 . . . Utility 12 | . 1 . 2 . 3 6 Weapon 9 | . 1 . 6 . . 2 Tool/Special . | . . . . . . . Average Slot Usage (%) 98 | . 96 100 99 100 97 76 Engine 11 | . 14 14 11 11 11 5 Treads 30 | . 28 28 33 33 31 18 Device 4 | . 6 14 3 . . 2 Storage 12 | . 17 14 11 11 11 11 Hackware 6 | . . . 9 11 11 6 Protection 6 | . 1 . 8 11 10 7 Ballistic Gun 12 | . . . 17 22 22 22 Ballistic Cannon 11 | . 27 28 4 . . . Peak Build Rating 30 | 6 10 13 26 26 30 27 Average Rating 19 | 4 9 11 24 25 27 23 On Entrance 14 | . 6 10 13 26 25 24 Avg Prop Armor Cover (%) . | . . . . . . . Naked Turns . | . . . . . . . Heaviest Build 63 | 10 36 34 59 59 63 55 Greatest Support 66 | 40 40 40 63 63 66 46 Greatest Overweight (x) 1 | . 1 . . . 1 1 Average Overweight (x) . | . . . . . . 1 Largest Inventory Capacity 20 | 8 15 15 20 20 20 20 Average Capacity 17 | 7 14 15 19 20 20 20 Most Carried 20 | 4 10 13 20 20 20 18 Average Carried 14 | 2 7 10 19 19 18 16 Final Capacity 20 | 8 15 15 20 20 20 20 Final Carried 20 | 4 8 13 20 19 18 14 Class Distribution -------------------- 100% | Mutant Dominant Class ---------------- Mutant | -10/Materials Mutant | -10/Mines Mutant | -9/Materials Mutant | -9/Mines Mutant | -9/Exiles Mutant | -8/Mines Resources | -11 -10 -10 -9 -9 -9 -8 ----------- Run | Yrd Mat Min Mat Min Exi Min Matter Collected 2075 | 242 226 235 620 236 516 . Remotely . | . . . . . . . Salvage Created 1954 | . 488 68 945 339 114 . Parts 141 | . 41 4 68 26 2 . Haulers Intercepted 2 | . 2 . . . . . Recyclers Shooed . | . . . . . . . Parts Field Recycled . | . . . . . . . Retrieved Matter . | . . . . . . . Parts Self-Destructed . | . . . . . . . Prevented . | . . . . . . . Parts Restored . | . . . . . . . Kills | -11 -10 -10 -9 -9 -9 -8 ------- Run | Yrd Mat Min Mat Min Exi Min Combat Hostiles Destroyed 47 | . 13 2 22 9 1 . Guns 27 | . . . 17 9 1 . Cannons 15 | . 8 2 5 . . . AOE 5 | . 5 . . . . . Classes Destroyed 11 | . 6 . 3 2 . . Worker 2 | . 2 . . . . . Tunneler 1 | . . . . 1 . . Hauler 2 | . 2 . . . . . Recycler 3 | . 2 . 1 . . . Operator 1 | . . . 1 . . . Watcher 5 | . 3 . 2 . . . Swarmer 13 | . 5 . 6 2 . . Grunt 23 | . 8 2 8 5 . . Brawler 2 | . . . 1 1 . . Sentry 7 | . . . 7 . . . Assembled 1 | . . . . 1 . . Best Kill Streak 8 | . 8 2 4 3 1 . Combat Bots Only 5 | . 5 2 4 3 1 . Max Kills in Single Turn 4 | . 4 1 1 2 1 . Gunslinging . | . . . . . . . Exploded 2 | . 2 . . . . . Melee . | . . . . . . . Uniques/NPCs Destroyed 1 | . . . . . 1 . 8R-AWN (-9/Exiles) Combat | -11 -10 -10 -9 -9 -9 -8 -------- Run | Yrd Mat Min Mat Min Exi Min Hostile Shots Fired 295 | . 35 4 71 21 84 80 Missed 70 | . 15 3 22 7 18 5 Hits 225 | . 20 1 49 14 66 75 Projectile 225 | . 20 1 49 14 66 75 Critical Strikes 35 | . . . 1 . 34 . Part Disruptions 5 | . . . . . . 5 Damage Taken 3197 | . 334 10 622 143 1135 953 Core 457 | . 53 . 45 12 180 167 Absorbed by Shields . | . . . . . . . Core Remaining (%) 89 | 100 . 78 . . . . Volleys Fired 192 | . 35 4 60 30 46 17 Largest 2 | . 2 2 2 2 2 2 Hottest 66 | . 66 66 66 50 50 50 Shots Fired 377 | . 67 8 120 60 92 30 Gun 270 | . . . 88 60 92 30 Cannon 104 | . 64 8 32 . . . Launcher 3 | . 3 . . . . . Special . | . . . . . . . Kinetic 374 | . 64 8 120 60 92 30 Thermal . | . . . . . . . Explosive 3 | . 3 . . . . . Electromagnetic . | . . . . . . . Robot Hit Streak 19 | . 7 14 19 16 11 3 Robot Miss Streak 4 | . 4 . 4 1 3 3 Penetration Max . | . . . . . . . Secondary Targets 2 | . . . 2 . . . Max Gunslinging Chain 1 | . . . 1 . . . Shots Hit Robots 226 | . 27 7 81 27 68 16 Core Hits 93 | . 23 3 36 15 13 3 Critical Kills . | . . . . . . . Critical Parts Destroyed 2 | . . . 1 . 1 . Critical Strikes 5 | . 3 . 1 . 1 . Destroy 2 | . . . 1 . 1 . Blast 3 | . 3 . . . . . Melee Attacks . | . . . . . . . Impact . | . . . . . . . Slashing . | . . . . . . . Piercing . | . . . . . . . Sneak Attacks . | . . . . . . . Combat Hostiles . | . . . . . . . Follow-up Attacks . | . . . . . . . Damage Inflicted 4667 | . 1137 138 1486 496 1146 264 Guns 3050 | . . . 1144 496 1146 264 Cannons 1091 | . 611 138 342 . . . Explosions 526 | . 526 . . . . . Melee . | . . . . . . . Ramming . | . . . . . . . Kinetic 4141 | . 611 138 1486 496 1146 264 Thermal . | . . . . . . . Explosive 526 | . 526 . . . . . Electromagnetic . | . . . . . . . Impact . | . . . . . . . Slashing . | . . . . . . . Piercing . | . . . . . . . Highest Corruption . | . . . . . . . Average Corruption . | . . . . . . . Corruption Purged . | . . . . . . . Corruption Blocked . | . . . . . . . Overload Shots . | . . . . . . . Overflow Damage 120 | . 119 . 1 . . . Projectiles 11 | . 10 . 1 . . . Explosions 109 | . 109 . . . . . Melee . | . . . . . . . Knockbacks 9 | . 6 2 1 . . . Impact . | . . . . . . . Kinetic 9 | . 6 2 1 . . . Secondary . | . . . . . . . Self-Inflicted Damage 140 | . 140 . . . . . Shots 3 | . 3 . . . . . Rammed . | . . . . . . . Targets Rammed . | . . . . . . . Kicked . | . . . . . . . Crushed . | . . . . . . . Highest Temperature 949 | . 84 30 61 60 210 949 Average Temperature 94 | . 17 16 23 20 113 467 Received Heat Transfer 1829 | . 75 6 222 66 . 1460 Effects 14 | . . . . . . 14 Shutdowns 3 | . . . . . . 3 Energy Bleed 3 | . . . . . . 3 Interference 1 | . . . . . . 1 Matter Decay 1 | . . . . . . 1 Short Circuit 4 | . . . . . . 4 Damage (minor) 2 | . . . . . . 2 Siege Activations . | . . . . . . . Martial Activations . | . . . . . . . Shielding Activations . | . . . . . . . Robots Disrupted . | . . . . . . . Combat Hostiles . | . . . . . . . Robots Corrupted . | . . . . . . . Combat Hostiles . | . . . . . . . Parts Fried . | . . . . . . . Impact Corruptions . | . . . . . . . Robots Melted . | . . . . . . . Combat Hostiles . | . . . . . . . Parts Melted 1 | . . . 1 . . . Heat Transferred . | . . . . . . . Parts Sabotaged . | . . . . . . . Parts Stolen . | . . . . . . . Parts Stripped . | . . . . . . . Power Chain Reactions . | . . . . . . . Alert | -11 -10 -10 -9 -9 -9 -8 ------- Run | Yrd Mat Min Mat Min Exi Min Maximum Alert Level 1 | . 1 . 1 . . . Low Security (%) 79 | 100 62 100 73 100 . 100 Level 1 20 | . 37 . 26 . . . Level 2 . | . . . . . . . Level 3 . | . . . . . . . Level 4 . | . . . . . . . Level 5 . | . . . . . . . High Security . | . . . . . . . Max Security . | . . . . . . . Peak Influence 276 | . 276 99 257 103 . . Initial 73 | . . 49 . 73 . . Average 91 | . 136 19 127 29 . . Influence Increases 1409 | . 495 50 640 224 . . Destroy 0b10 Robot/C 920 | . 260 40 440 180 . . Destroy 0b10 Robot/NC 70 | . 45 . 20 5 . . Destroy Leader 214 | . 60 10 124 20 . . Allied During Kill 4 | . . . . 4 . . Successful Hack 56 | . 36 . 20 . . . Disable Machine 60 | . 45 . 15 . . . Destroy Structure 40 | . 34 . 6 . . . Lose Combat Pursuer 45 | . 15 . 15 15 . . Influence Decreases 1409 | . 366 179 450 401 13 . Entered New Map 210 | . . 80 . 117 13 . Time Decay 1189 | . 356 99 450 284 . . Lost Part 10 | . 10 . . . . . Squads Dispatched 4 | . 3 . 1 . . . Investigation 2 | . 2 . . . . . Extermination . | . . . . . . . Reinforcement 2 | . 1 . 1 . . . Assault . | . . . . . . . Garrison . | . . . . . . . Intercept . | . . . . . . . Searches Triggered . | . . . . . . . Construction Impeded . | . . . . . . . Haulers Reinforced . | . . . . . . . Active Scanning Responses . | . . . . . . . Cargo Convoy Interrupts . | . . . . . . . Stealth | -11 -10 -10 -9 -9 -9 -8 --------- Run | Yrd Mat Min Mat Min Exi Min Distress Signals 3 | . . 1 2 . . . Communications Jammed . | . . . . . . . Distress Signals . | . . . . . . . Times Spotted 74 | . 21 9 31 11 1 1 Peak Tracking Total 11 | . 5 11 7 3 3 1 Tactical Retreats 4 | . 1 . 1 2 . . Traps | -11 -10 -10 -9 -9 -9 -8 ------- Run | Yrd Mat Min Mat Min Exi Min Traps Triggered 2 | . 2 . . . . . Indirectly . | . . . . . . . Trap Hack Attempts . | . . . . . . . Triggered . | . . . . . . . Disarmed . | . . . . . . . Reprogrammed . | . . . . . . . Reused . | . . . . . . . Traps Extracted . | . . . . . . . Installed . | . . . . . . . Triggered . | . . . . . . . Machines | -11 -10 -10 -9 -9 -9 -8 ---------- Run | Yrd Mat Min Mat Min Exi Min Machines Disabled 5 | . 3 . 1 . 1 . Max in Single Turn 2 | . 2 . 1 . 1 . Machines Repaired . | . . . . . . . Machines Dismantled . | . . . . . . . Machines Sabotaged . | . . . . . . . Overloaded Fab Kills . | . . . . . . . Hacking | -11 -10 -10 -9 -9 -9 -8 --------- Run | Yrd Mat Min Mat Min Exi Min Machines Accessed 21 | . 9 1 10 . 1 . Terminals 15 | . 7 . 8 . . . Fabricators . | . . . . . . . Repair Stations . | . . . . . . . Recycling Units 3 | . 2 . 1 . . . Scanalyzers 1 | . . . 1 . . . Garrison Access . | . . . . . . . Total Hacks 45 | . 16 1 27 . 1 . Successful 21 | . 9 1 10 . 1 . Failed 23 | . 7 . 16 . . . Catastrophic 7 | . 4 . 3 . . . Database Lockouts 1 | . . . 1 . . . Manual 35 | . 14 . 20 . 1 . Terminals 37 | . 14 . 23 . . . Fabricators . | . . . . . . . Repair Stations . | . . . . . . . Recycling Units 3 | . 2 . 1 . . . Scanalyzers 3 | . . . 3 . . . Garrison Access . | . . . . . . . Terminal Hacks 7 | . 2 1 3 . 1 . Open Door 1 | . . 1 . . . . Branch Access Points 1 | . . . 1 . . . Zone Layout 4 | . 2 . 2 . . . Proto ID Catalog 1 | . . . . . 1 . Fabricator Hacks . | . . . . . . . Repair Station Hacks . | . . . . . . . Recycling Unit Hacks 2 | . 1 . 1 . . . Retrieve Components 2 | . 1 . 1 . . . Scanalyzer 1 | . . . 1 . . . Retrieve Study 1 | . . . 1 . . . Garrison Access Hacks . | . . . . . . . Unauthorized Hacks 11 | . 6 . 5 . . . Terminals 11 | . 6 . 5 . . . Skim 11 | . 6 . 5 . . . Fabricators . | . . . . . . . Repair Stations . | . . . . . . . Recycling Units . | . . . . . . . Scanalyzers . | . . . . . . . Garrison Access . | . . . . . . . Data Cores Recovered 1 | . . . 1 . . . Used . | . . . . . . . Hacking Detections 17 | . 7 . 10 . . . Full Trace Events 1 | . 1 . . . . . Feedback Events . | . . . . . . . Feedback Blocked . | . . . . . . . Robot Schematics Acquired . | . . . . . . . Robots Built . | . . . . . . . Authchips . | . . . . . . . Time . | . . . . . . . Total Robot Build Rating . | . . . . . . . Part Schematics Acquired . | . . . . . . . Parts Built . | . . . . . . . Authchips . | . . . . . . . Time . | . . . . . . . Total Part Build Rating . | . . . . . . . Part Studies Acquired 1 | . . . 1 . . . Parts Repaired . | . . . . . . . Time . | . . . . . . . Parts Recycled . | . . . . . . . Recycled Matter . | . . . . . . . Retrieved Matter . | . . . . . . . Retrieved Components 5 | . 3 . 2 . . . Parts Scanalyzed . | . . . . . . . Part Schematics Acquired . | . . . . . . . Parts Damaged . | . . . . . . . Bothacking | -11 -10 -10 -9 -9 -9 -8 ------------ Run | Yrd Mat Min Mat Min Exi Min Used RIF Installer . | . . . . . . . Robots Hacked . | . . . . . . . Non-combat . | . . . . . . . Combat . | . . . . . . . Robot Hacks Applied . | . . . . . . . Relay Couplers Released . | . . . . . . . Fabnet Peak Effective % . | . . . . . . . Robots Rewired . | . . . . . . . Allies Hacked . | . . . . . . . Hacks Repelled . | . . . . . . . Allies | -11 -10 -10 -9 -9 -9 -8 -------- Run | Yrd Mat Min Mat Min Exi Min Total Allies 2 | . . . . 2 . . Largest Group 2 | . . . . 2 2 . Highest-Rated Group 45 | . . . . 45 45 . Highest-Rated Ally 31 | . . . . 31 31 . Total Orders . | . . . . . . . Ally Attacks 4 | . . . . 4 . . Total Damage 41 | . . . . 41 . . Kills 1 | . . . . 1 . . Allies Corrupted . | . . . . . . . Allies Melted . | . . . . . . . Intel | -11 -10 -10 -9 -9 -9 -8 ------- Run | Yrd Mat Min Mat Min Exi Min Active Infowar (turns) 1392 | . 586 540 266 . . . Seismic 1392 | . 586 540 266 . . . Robot Analysis Total . | . . . . . . . Derelict Logs Recovered 3 | . . 2 . 1 . . Drone Launches . | . . . . . . . Drone Recoveries . | . . . . . . . Exploration | -11 -10 -10 -9 -9 -9 -8 ------------- Run | Yrd Mat Min Mat Min Exi Min Turns Passed 5142 | 96 1286 540 1414 823 886 97 Spaces Moved 2567 | 58 645 315 695 422 417 15 Core 11 | 11 . . . . . . Treads 2556 | 47 645 315 695 422 417 15 Legs . | . . . . . . . Wheels . | . . . . . . . Hover . | . . . . . . . Flight . | . . . . . . . Fastest Speed 50 | 50 160 160 163 163 160 240 Average Speed 162 | 139 160 162 163 163 167 240 Slowest Speed 240 | 160 240 165 163 163 240 240 Overloaded Moves . | . . . . . . . Propulsion Burnouts . | . . . . . . . Robots Hopped . | . . . . . . . Potential Cave-ins . | . . . . . . . Cave-ins Triggered . | . . . . . . . Exploration Rate (%) 58 | 5 95 67 73 94 69 7 Regions Visited 6 Branch Regions 4 Pre-discovered Areas 2 | . . . 1 1 . . Known Exits Taken 2 | . . 1 1 . . . Unknown Exits Taken 4 | 1 1 . . 1 1 . Scrap Searched 5 | . . 3 . 2 . . Spaces Dug 2 | . 2 . . . . . Terrain Destroyed 39 | . 35 . 4 . . . Melee . | . . . . . . . Projectile 9 | . 5 . 4 . . . AOE 30 | . 30 . . . . . Terrain Rammed . | . . . . . . . Walls Destroyed . | . . . . . . . Machines Disabled . | . . . . . . . Actions | -11 -10 -10 -9 -9 -9 -8 --------- Run | Yrd Mat Min Mat Min Exi Min Total 3224 | 73 833 336 888 510 534 50 Wait 304 | . 119 10 68 55 47 5 Move 2561 | 57 644 314 694 421 416 15 Hop . | . . . . . . . Pick Up 70 | 10 16 6 27 . 11 . Fast Attach 1 | . . . 1 . . . Attach 28 | 6 9 . 5 . 4 4 Detach . | . . . . . . . Swap 23 | . 3 1 8 2 1 8 Drop 45 | . 7 1 25 2 9 1 Fire 192 | . 35 4 60 30 46 17 Melee . | . . . . . . . Ram . | . . . . . . . Kick . | . . . . . . . Crush . | . . . . . . . Escape Stasis . | . . . . . . . Rewire . | . . . . . . . Trap . | . . . . . . . Miscellaneous . | . . . . . . . Route ------- -11/Scrapyard -10/Materials (discovered 6 exits: *Mat x3 / *Min x2 / Sub) -10/Mines (discovered 3 exits: *Mat x2 / Sub) -9/Materials (discovered 2 exits: [*Mat] / *Min) -9/Mines (discovered 3 exits: [*Mat x2] / *Exi) -9/Exiles -8/Mines History --------- Turn | Location | Event 5 | -11/Scrapyard | Discovered new exit (range 15) 97 | -11/Scrapyard | Entered Materials 253 | -10/Materials | Discovered new exit (range 7) 318 | -10/Materials | Build established: Mutant 437 | -10/Materials | Discovered new exit (range 4) 683 | -10/Materials | Discovered new exit (range 9) 902 | -10/Materials | Discovered new exit (range 13) 1039 | -10/Materials | Discovered new exit (range 15) 1214 | -10/Materials | Learned location of 2 exits from Mines 1256 | -10/Materials | Learned location of 1 exit from Recycling 1288 | -10/Materials | Identified exit to Subcaves 1288 | -10/Materials | Learned location of 1 exit from Materials 1312 | -10/Materials | Learned Storage terminal intel 1324 | -10/Materials | Learned location of 2 exits from Subcaves 1341 | -10/Materials | Loaded intel: 2 recycling unit locations 1367 | -10/Materials | Learned 4 Recycling zone layouts 1383 | -10/Materials | Entered Mines 1384 | -10/Mines | Identified exit to Materials 1652 | -10/Mines | Met a Derelict who couldn't figure out how to use a Trap Extractor 1837 | -10/Mines | Learned Materials non-interactive machine intel 1840 | -10/Mines | Discovered exit to Materials (range 11) 1910 | -10/Mines | Assembled infested the area 1923 | -10/Mines | Entered Materials 1923 | -9/Materials | Evolved 2 slots: Propulsion x1, Utility x1 1924 | -9/Materials | Identified exit to Mines 1925 | -9/Materials | Loaded intel: 37 non-interactive machine locations 2536 | -9/Materials | Central database locked down 2560 | -9/Materials | Discovered new exit (range 10) 2617 | -9/Materials | Learned location of 1 exit from Storage 2651 | -9/Materials | Loaded intel: 20 trap records 2685 | -9/Materials | Learned Storage stockpile data 2687 | -9/Materials | Learned location of Zion (-6) 2690 | -9/Materials | Learned location of 2 exits from Materials 2703 | -9/Materials | Learned location of 2 exits from Materials 3337 | -9/Materials | Entered Mines 3338 | -9/Mines | Learned location of Storage (-7) 3376 | -9/Mines | Met a Derelict bent on vengeance 3383 | -9/Mines | Learned location of 1 exit from Materials 3403 | -9/Mines | Discovered new exit (range 9) 3570 | -9/Mines | Deemed a non-threat by the Exiles lab entrance 3570 | -9/Mines | Discovered new exit (range 5) 3604 | -9/Mines | Excavation squad dispatched 3604 | -9/Mines | A large section of the Mines collapsed 3786 | -9/Mines | Discovered new exit (range 11) 4160 | -9/Mines | Entered Exiles 4160 | -9/Exiles | Accompanied by 2 allies 4190 | -9/Exiles | Led the pair of lost Derelicts to a safe place 4198 | -9/Exiles | Met 8R-AWN 4227 | -9/Exiles | Met EX-HEX 4306 | -9/Exiles | Met EX-DEC 4556 | -9/Exiles | Met EX-BIN 4579 | -9/Exiles | Aligned with FarCom system 4581 | -9/Exiles | Given EX-Vault access code 4618 | -9/Exiles | Opened EX-Vault 4629 | -9/Exiles | Found 0b10 Alert Chip 4634 | -9/Exiles | Found Supersonic Drone Bay 4646 | -9/Exiles | Found PSU Rigger 4678 | -9/Exiles | Warned to stay clear of 0b10 Research branches 4687 | -9/Exiles | Exiles lab attacked by MAIN.C 4843 | -9/Exiles | Attacked by the Exiles 4921 | -9/Exiles | Core integrity fell below 50% 4972 | -9/Exiles | Lost 4 parts (1n1u2w) 4974 | -9/Exiles | Destroyed 8R-AWN 5024 | -9/Exiles | Discovered new exit (range 10) 5046 | -9/Exiles | Entered Mines 5085 | -8/Mines | AD-0RF came to Exiles' defense 5113 | -8/Mines | Core integrity fell below 20% 5143 | -8/Mines | Destroyed by AD-0RF with AD-0RF's Magmablaster Last Messages --------------- 05124_ Overheating: Rnf. Fission Core damaged (-71). 05126_ Overheating: System interference. 05126_ Minigun+ temporarily disabled. 05127_ Overheating: Matter decay (-30). 05131_ Power failure, Rnf. Fission Core shutdown. 05133_ Imp. Treads broken. 05133_ Overheating: Short circuit. 05135_ Overheating: Hrd. Medium Armor Plating damaged (-46). 05136_ Minigun+ broken. 05136_ Overheating: Short circuit. 05137_ Hrd. Medium Armor Plating destroyed. 05139_ Power failure, Rnf. Fission Core shutdown. 05139_ Overheating: Energy bleed (-28). 05140_ Minigun+ broken. 05140_ Overheating: Short circuit. 05143_ Overheating: Energy bleed (-31). Map ----- +----------------------------------------------------+ | ???????????????????????????????? | | ???????????????????????????????? | | ???????????????????????????????? | | ???????????????????????????????? | | ???????????????????????????????? | | ???????????????????????????????? | | ???????????????????????????????? | | ???????????????????????????????? | | ???????????????????????????????? | | ????## ???????????????????????? | | ????? ???????????????????????? | | ????? ???????????????????????? | | ????? ???????????????????????? | | ????? ???????????????????????? | | ?????# ???????????????????????? | | ?????# ???????????????????????? | | ?????# #??????????????????????? | | ?????# #??????????????????????? | | ?????# #?????####?????????????? | | ?????# #????## ##????????????? | | ?????# ##???# ########?????? | | ?????# ##??# #???? | | ?????# ##?## ########?????? | | ?????# ##?# ##???????????? | | ?????# ### =% ##??????????? | | ?????# @ i ! #??????????? | | ?????## ##### #??????????? | | ??????## ##???## ??????? | | ???????####??????#########?????? | | ???????????????????????????????? | | ???????????????????????????????? | | ???????????????????????????????? | | ???????????????????????????????? | | ???????????????????????????????? | | | | | | | | | | | | | | | | | | | | | | | | | | | | | | | | | +----------------------------------------------------+ Best States ------------- Heat Dissipation 50 Energy Generation 19 Energy Capacity 310 Matter Stores 300 Matter Capacity 300 Sight Range 16 Terrain Scan Density 10 Armor Coverage 450 Core Shielding 20 Evasion (%) 50 Recoil Reduction 3 Offensive Hacking 10 Item Schematics ----------------- None Robot Schematics ------------------ None Fabricated ------------ Nothing Repaired ---------- Nothing Studied --------- Minigun | -9/Materials | Hacked Alien Tech Used ----------------- None Achievements -------------- None Challenges ------------ None Game ------ Seed DisruptorAntimissileSource Manual? 0 Play Time 00:24:22 Cumulative 596.3 hours Start 2025.12.04 @ 17:22:34 End 2025.12.04 @ 17:47:26 Sessions 1 Manual Loads 0 Difficulty Rogue Special Mode None Game No. 765 Rogue 765 Adventurer 0 Explorer 0 Win Type - Total 21 Types 10/1/2/2/2/0/2/2/0/0 Lore% 94 Gallery% 90 Achievement% 76 Wizard Run 0 Options --------- Layout 2 ASCII 0 Keyboard 0 Movement Mouse Keybinds 0 Fullscreen 2 Font 24/Smallcaps Map View 50x49 Zoom Use 0% Tactical HUD 1 Map Filters NONE Filters NONE Steam 1 RUN: cfb61668-3d62-4c10-a360-9d5b5212b16c